 Dungeon Crawl Stone Soup version 0.28-a0-1629-gf728b707aa (webtiles) character file.

Game seed: 379340117891627506

30 Sweetruy1997 the Magician (level 3, 0/25 HPs)
             Began as a Palentonga Hedge Wizard on Jan 24, 2022.
             Succumbed to an adder's poison
             ... on level 2 of the Dungeon.
             The game lasted 00:03:40 (1509 turns).

Sweetruy1997 the Magician (Palentonga Hedge Wizard) Turns: 1509, Time: 00:03:40

Health: 0/25       AC:  4    Str: 13    XL:     3   Next: 3%
Magic:  3/8        EV:  9    Int: 14    God:
Gold:   61         SH:  0    Dex: 11    Spells: 0/9 levels left

rFire   . . .      SeeInvis +   e - +1 mace (holy)
rCold   . . .      Faith    .   (no shield)
rNeg    . . .      Spirit   .   b - +0 robe
rPois   .          Reflect  .   c - +0 hat
rElec   .          Harm     .   (no cloak)
rCorr   .          Rampage  .   (no gloves)
Will    +....                   (no barding)
Stlth   ++........              (no amulet)
HPRegen 0.08/turn               h - ring of willpower
MPRegen 0.11/turn               (no ring)

@: lethally poisoned (0 -> -10), very slightly contaminated
A: large, rugged brown scales 3, see invisible, deformed body, roll 1, armoured
tail
a: Rolling Charge


You were on level 2 of the Dungeon.
You visited 1 branch of the dungeon, and saw 2 of its levels.

You collected 61 gold pieces.

Inventory:

Hand Weapons
 e - a +1 mace of holy wrath (weapon)
Armour
 b - a +0 robe (worn)
 c - a +0 hat (worn)
Jewellery
 h - a ring of willpower (left hand)
Scrolls
 a - a scroll of vulnerability {unknown}
 d - 2 scrolls of identify {unknown}
 f - a scroll of teleportation {unknown}
Potions
 g - a potion of attraction {unknown}
 i - 2 potions of brilliance {unknown}


   Skills:
 + Level 0.3 Maces & Flails
 + Level 1.6 Dodging
 + Level 1.2 Stealth
 + Level 3.8 Spellcasting
 + Level 1.1 Conjurations
 + Level 0.8 Summonings
 + Level 1.0 Translocations


You couldn't memorise any spells.
You knew the following spells:

 Your Spells              Type           Power      Damage    Failure   Level
a - Magic Dart            Conj           20%        1d4       12%         1
b - Slow                  Hex            8%         N/A       21%         1
c - Blink                 Tloc           10%        N/A       21%         2
d - Call Imp              Summ           5%         N/A       22%         2
e - Conjure Flame         Conj/Fire      4%         6-21      43%         3

Your spell library contained the following spells:

 Spells                   Type           Power      Damage    Failure   Level
 Mephitic Cloud           Conj/Pois/Air  3%         N/A       45%         3


Dungeon Overview and Level Annotations

Branches:
Dungeon (2/15)

Altars:

Shops:
D:1 :   D:2 :


Innate Abilities, Weirdness & Mutations

You are completely covered in rugged brown scales. (AC +3, +7% HP)
You have supernaturally acute eyesight. (SInv)
Armour fits poorly on your strangely shaped body.
You can roll at nearby foes to attack.
You have a long armoured tail.


Message History

You feel sick. The adder bites you but does no damage.
You are too injured to fight recklessly!
You are too injured to fight recklessly!
Casting: Magic Dart (safe; 12% risk of failure)
Confirm with . or Enter, or press ? or * to list all spells.
Aiming: Slow (safe; 21% risk of failure)
Press: ? - help, Shift-Dir - straight line, f/p - adder
Aim: an adder (severely wounded, chance to affect: 45%)
The adder resists with some effort.
You feel sick. The adder closely misses you.
The adder bites you but does no damage.
Casting: Slow (safe; 21% risk of failure)
Confirm with . or Enter, or press ? or * to list all spells.
Aiming: Slow (safe; 21% risk of failure)
Press: ? - help, Shift-Dir - straight line, f/p - adder
Aim: an adder (severely wounded, chance to affect: 45%)
You miscast Slow.
You are very lightly contaminated with residual magic.
Nothing appears to happen.
You feel sick.
You are no longer poisoned.
The adder bites you but does no damage.
Casting: Slow (safe; 21% risk of failure)
Confirm with . or Enter, or press ? or * to list all spells.
Aiming: Slow (safe; 21% risk of failure)
Press: ? - help, Shift-Dir - straight line, f/p - adder
Aim: an adder (severely wounded, chance to affect: 45%)
You miscast Slow.
Nothing appears to happen.
The adder bites you.
You are poisoned.
The adder poisons you!
Casting: Slow (safe; 21% risk of failure)
Confirm with . or Enter, or press ? or * to list all spells.
Aiming: Slow (safe; 21% risk of failure)
Press: ? - help, Shift-Dir - straight line, f/p - adder
Aim: an adder (severely wounded, chance to affect: 45%)
The adder resists with some effort.
You feel sick. The adder bites you.
* * * LOW HITPOINT WARNING * * *
The adder bites you.
* * * LOW HITPOINT WARNING * * *
You are more poisoned.
The adder poisons you!
You die...

##### #...# ###
###...##...########
#.......# #>#......
######.......# #........
......S......###...)....
#....##..<##.##...
##@...####.##.###.#
###.#.........#.###.#
#...
.......###..[..(..#..##..
#..#
#####.#.#.....[.......#.#
#..#
#(..###...######.#......
#..# #.##.#..#.#
#........ #..# #.#
#.#.#)# ###..#.## #..#
#.# #.#.#.# #.....# #..#
#.###.#.#.# #..#.#.


You could see an adder.

Vanquished Creatures
  3 endoplasms (D:2)
  8 goblins
  3 hobgoblins
  2 ball pythons (D:1)
  6 bats
  A frilled lizard (D:1)
  A rat (D:1)
24 creatures vanquished.

Notes
Turn   | Place    | Note
-------+----------+-------------------------------------------
     0 | D:1      | Sweetruy1997 the Palentonga Hedge Wizard began the quest
                  | for the Orb.
     0 | D:1      | Reached XP level 1. HP: 13/13 MP: 4/4
   422 | D:1      | Reached XP level 2. HP: 20/20 MP: 1/6
   539 | D:1      | Found Ciamodgh's Book Emporium.
   740 | D:1      | Reached skill level 1 in Conjurations
   742 | D:1      | Learned a level 1 spell: Slow
   745 | D:1      | Learned a level 2 spell: Blink
   748 | D:1      | Learned a level 2 spell: Call Imp
  1367 | D:2      | Found Nackujyshra's Book Boutique.
  1379 | D:2      | Reached XP level 3. HP: 25/25 MP: 2/8
  1441 | D:2      | Learned a level 3 spell: Conjure Flame
  1509 | D:2      | Succumbed to an adder's poison

Illustrated notes

Levels and vault maps discovered:
D:1:      psy_arrival_fountain, layout_rooms, serial_shops,
          nicolae_shop_advertising_works [nicolae_subvault_shop_adworks],
          chequers_jeans
D:2:      layout_loops_ring, serial_shops, shop_fountains

Skill      XL: |  1  2 |
---------------+-------+-----
Conjurations   | 1 |  1.1
Maces & Flails | |  0.3
Dodging        | |  1.6
Stealth        | |  1.2
Spellcasting   | |  3.8
Summonings     | |  0.8
Translocations | |  1.0

Action                   || total
-------------------------++-------
Melee: Dagger            ||     6
       Mace              ||    25
       Tailslap          ||     2
 Cast: Magic Dart        ||    61
       Slow              ||     2
Armor: Robe              ||    26
Dodge: Dodged            ||    33

Table legend: (Time is in decaauts)
 A = Elapsed time spent in this place.
 B = Non-inter-level travel time spent in this place.
 C = Inter-level travel time spent in this place.
 D = Time resting spent in this place.
 E = Time spent auto-exploring this place.
 F = Levels seen in this place.
 G = Mean time per level.
                   A        B        C        D        E       F      G
               +--------+--------+--------+--------+--------+-----+--------+
         Total |   1517 |   1499 |     18 |      0 |   1291 |   2 |  758.5 |
       Dungeon |   1517 |   1499 |     18 |      0 |   1291 |   2 |  758.5 |
               +--------+--------+--------+--------+--------+-----+--------+

Top non-repeatable levels by time:
     D:1: 793 daAuts
     D:2: 724 daAuts
